TOP OF THE 1ST |
Raleigh-Durham Capitals batting - Pitching for Winston-Salem Spirits : LHP Michael Smith
|
Pitching: LHP Michael Smith
|
|
Batting: RHB Luis Brito
|
0-0: TRIPLE (Flyball, 9D, EV 100.6 MPH)
|
Batting: RHB Tony Camara
|
0-0: Ball 1-0: Ground out 4-3 (Groundball, 34, EV 100.0 MPH) Luis Brito scores
|
Batting: LHB Clay Smith
|
0-0: Ball 1-0: Called Strike 1-1: Fly out, F8 (Flyball, 8LM, EV 81.3 MPH)
|
Batting: LHB Pat Castiglia
|
0-0: Fly out, F8 (Flyball, 8LS, EV 88.8 MPH)
|
Top of the 1st over - 1 run, 1 hit, 0 errors, 0 left on base; Raleigh-Durham 1 - Winston-Salem 0 |
BOTTOM OF THE 1ST |
Winston-Salem Spirits batting - Pitching for Raleigh-Durham Capitals : RHP Les Straker
|
Pitching: RHP Les Straker
|
|
Batting: SHB Mark Wiesler
|
0-0: Ball 1-0: Ball 2-0: Called Strike 2-1: Swinging Strike 2-2: Strikes out swinging
|
Batting: RHB Buddy Bailey
|
0-0: Ball 1-0: Foul Ball, location: 2F 1-1: Fly out, F9 (Flyball, 89XD, EV 88.1 MPH)
|
Batting: RHB Craig Robinson
|
0-0: Swinging Strike 0-1: Foul Ball, location: 2F 0-2: SINGLE (Line Drive, 9S, EV 105.0 MPH)
|
Batting: RHB Elijah Ben
|
0-0: Ball 1-0: Ground out 5-3 (Groundball, 15, EV 78.8 MPH)
|
Bottom of the 1st over - 0 runs, 1 hit, 0 errors, 1 left on base; Raleigh-Durham 1 - Winston-Salem 0 |
TOP OF THE 2ND |
Raleigh-Durham Capitals batting - Pitching for Winston-Salem Spirits : LHP Michael Smith
|
Batting: RHB Richard Ferchen
|
0-0: Ball 1-0: Fly out, F9 (Flyball, 89M, EV 72.5 MPH)
|
Batting: RHB Michael Wright
|
0-0: Ground out 4-3 (Groundball, 4, EV 80.0 MPH)
|
Batting: RHB Henry Noble
|
0-0: Called Strike 0-1: Foul Ball, location: 2F 0-2: Ball 1-2: Ball 2-2: Ball 3-2: Fly out, F9 (Flyball, 9D, EV 97.5 MPH)
|
Top of the 2nd over - 0 runs, 0 hits, 0 errors, 0 left on base; Raleigh-Durham 1 - Winston-Salem 0 |
BOTTOM OF THE 2ND |
Winston-Salem Spirits batting - Pitching for Raleigh-Durham Capitals : RHP Les Straker
|
Batting: LHB Jerome Coleman
|
0-0: Ball 1-0: Ball 2-0: Ball 3-0: Base on Balls
|
Batting: RHB Greg Olson
|
0-0: Foul Ball, location: 2F 0-1: Called Strike 0-2: Foul Ball, location: 2F 0-2: Ball 1-2: Foul Ball, location: 2F 1-2: Ball 2-2: SINGLE (Groundball, 2R, EV 74.4 MPH) (infield hit) Jerome Coleman to second
|
Batting: RHB Larry Reasonover
|
0-0: Fly out, F7 (Flyball, 78M, EV 90.6 MPH)
|
Batting: RHB Ell Roberson
|
0-0: Called Strike 0-1: Called Strike 0-2: Strikes out swinging
|
Batting: RHB Kelly Miller
|
0-0: Called Strike 0-1: Called Strike 0-2: Ball 1-2: Ground out 6-3 (Groundball, 6S, EV 78.8 MPH)
|
Bottom of the 2nd over - 0 runs, 1 hit, 0 errors, 2 left on base; Raleigh-Durham 1 - Winston-Salem 0 |
TOP OF THE 3RD |
Raleigh-Durham Capitals batting - Pitching for Winston-Salem Spirits : LHP Michael Smith
|
Batting: LHB Donald Jamerson
|
0-0: Fly out, F9 (Line Drive, 9, EV 88.1 MPH)
|
Batting: RHB Marshall Burk
|
0-0: SINGLE (Line Drive, 56D, EV 105.0 MPH)
|
Batting: RHB Luis Brito
|
0-0: Ball 1-0: Called Strike 1-1: Ball 2-1: Called Strike 2-2: SINGLE (Groundball, 56D, EV 97.5 MPH) Marshall Burk to second
|
Batting: RHB Tony Camara
|
0-0: Ball 1-0: Foul Ball, location: 2F 1-1: Ball 2-1: Fly out, F7 (Flyball, 7LS, EV 81.9 MPH)
|
Batting: LHB Clay Smith
|
0-0: Called Strike 0-1: Called Strike 0-2: Ball 1-2: SINGLE (Groundball, 34S, EV 88.1 MPH) (infield hit) Marshall Burk to third Luis Brito to second
|
Batting: LHB Pat Castiglia
|
0-0: Called Strike 0-1: Ball 1-1: Foul Ball, location: 2F 1-2: Foul Ball, location: 2F 1-2: Ball 2-2: Ground out 3-1 (Groundball, 34, EV 79.4 MPH)
|
Top of the 3rd over - 0 runs, 3 hits, 0 errors, 3 left on base; Raleigh-Durham 1 - Winston-Salem 0 |
BOTTOM OF THE 3RD |
Winston-Salem Spirits batting - Pitching for Raleigh-Durham Capitals : RHP Les Straker
|
Batting: SHB Mark Wiesler
|
0-0: Fly out, F7 (Flyball, 7D, EV 99.4 MPH)
|
Batting: RHB Buddy Bailey
|
0-0: Called Strike 0-1: Ground out 5-3 (Groundball, 56, EV 85.0 MPH)
|
Batting: RHB Craig Robinson
|
0-0: Ball 1-0: Fly out, F4 (Flyball, 34D, EV 84.4 MPH)
|
Bottom of the 3rd over - 0 runs, 0 hits, 0 errors, 0 left on base; Raleigh-Durham 1 - Winston-Salem 0 |
TOP OF THE 4TH |
Raleigh-Durham Capitals batting - Pitching for Winston-Salem Spirits : LHP Michael Smith
|
Batting: RHB Richard Ferchen
|
0-0: Called Strike 0-1: Ball 1-1: Foul Ball, location: 2F 1-2: Ball 2-2: Foul Ball, location: 2F 2-2: Foul Ball, location: 2F 2-2: Ball 3-2: Single, Error in OF, E8, batter to second base (Groundball, 6MD, EV 95.6 MPH)
|
Batting: RHB Michael Wright
|
0-0: Ground out 1-3 (Groundball, 13, EV 63.1 MPH) Richard Ferchen to third
|
Batting: RHB Henry Noble
|
0-0: Squeeze Bunt to 13S - play home, runner scores, batter safe! Richard Ferchen scores
|
Batting: LHB Donald Jamerson
|
0-0: Called Strike 0-1: Ball 1-1: Called Strike 1-2: Fly out, F7 (Flyball, 7LD, EV 103.1 MPH)
|
Batting: RHB Marshall Burk
|
0-0: Called Strike 0-1: Called Strike 0-2: Ball 1-2: SINGLE (Groundball, 56S, EV 66.9 MPH) (infield hit) Henry Noble to second
|
Batting: RHB Luis Brito
|
0-0: Ball 1-0: Ground out 5-3 (Groundball, 56S, EV 88.1 MPH)
|
Top of the 4th over - 1 run, 2 hits, 1 error, 2 left on base; Raleigh-Durham 2 - Winston-Salem 0 |
BOTTOM OF THE 4TH |
Winston-Salem Spirits batting - Pitching for Raleigh-Durham Capitals : RHP Les Straker
|
Batting: RHB Elijah Ben
|
0-0: Ball 1-0: Ball 2-0: Called Strike 2-1: Foul Ball, location: 2F 2-2: Ball 3-2: Fly out, F8 (Flyball, 78M, EV 85.6 MPH)
|
Batting: LHB Jerome Coleman
|
0-0: Ball 1-0: Swinging Strike 1-1: SINGLE (Groundball, 15S, EV 64.4 MPH) (infield hit)
|
Batting: RHB Greg Olson
|
0-0: Ball Jerome Coleman steals 2nd, throwing error, E2 Jerome Coleman to third 1-0: DOUBLE (Flyball, 8RXD, EV 99.4 MPH) Jerome Coleman scores
|
Batting: RHB Larry Reasonover
|
0-0: Fly out, F9 (Line Drive, 9, EV 100.0 MPH)
|
Batting: RHB Ell Roberson
|
0-0: Ball 1-0: Foul Ball, location: 2F 1-1: SINGLE (Line Drive, 56D, EV 96.9 MPH) Greg Olson to third Runner from 3rd tries for Home, SAFE, throw by LF to home
|
Batting: RHB Kelly Miller
|
0-0: Reached on error, E4 (Groundball, 4, EV 102.5 MPH) Ell Roberson to second
|
Batting: SHB Mark Wiesler
|
0-0: Foul Ball, location: 2F 0-1: Ball 1-1: Fielders Choice at 2nd, 6-4 (Groundball, 6, EV 105.0 MPH)
|
Bottom of the 4th over - 2 runs, 3 hits, 2 errors, 2 left on base; Raleigh-Durham 2 - Winston-Salem 2 |
TOP OF THE 5TH |
Raleigh-Durham Capitals batting - Pitching for Winston-Salem Spirits : LHP Michael Smith
|
Batting: RHB Tony Camara
|
0-0: Ball 1-0: DOUBLE (Line Drive, 89D, EV 112.5 MPH)
|
Batting: LHB Clay Smith
|
0-0: Ball 1-0: Called Strike 1-1: Ball 2-1: Ball Balk! Tony Camara to third 3-1: Fly out, F7 (Flyball, 7S, EV 85.6 MPH)
|
Batting: LHB Pat Castiglia
|
0-0: Foul Ball, location: 2F 0-1: Ball 1-1: Swinging Strike 1-2: Strikes out swinging
|
Batting: RHB Richard Ferchen
|
0-0: Ball 1-0: Ground out 4-3 (Groundball, 4D, EV 100.0 MPH)
|
Top of the 5th over - 0 runs, 1 hit, 0 errors, 1 left on base; Raleigh-Durham 2 - Winston-Salem 2 |
BOTTOM OF THE 5TH |
Winston-Salem Spirits batting - Pitching for Raleigh-Durham Capitals : RHP Les Straker
|
Batting: RHB Buddy Bailey
|
0-0: Ball 1-0: Reached on error, E3 (Groundball, 3, EV 86.9 MPH)
|
Batting: RHB Craig Robinson
|
0-0: Called Strike 0-1: Ball 1-1: Foul Ball, location: 2F 1-2: Strikes out swinging
|
Batting: RHB Elijah Ben
|
0-0: Fielders Choice at 2nd, 1-4 (Groundball, 15S, EV 66.9 MPH)
|
Batting: LHB Jerome Coleman
|
Pickoff Throw to First - Out! 1-3
|
Bottom of the 5th over - 0 runs, 0 hits, 1 error, 0 left on base; Raleigh-Durham 2 - Winston-Salem 2 |
TOP OF THE 6TH |
Raleigh-Durham Capitals batting - Pitching for Winston-Salem Spirits : LHP Michael Smith
|
Batting: RHB Michael Wright
|
0-0: Ball 1-0: Called Strike 1-1: Foul Ball, location: 2F 1-2: Ground out U3 (Groundball, 34, EV 83.1 MPH)
|
Batting: RHB Henry Noble
|
0-0: Swinging Strike 0-1: Foul Ball, location: 2F 0-2: Foul Ball, location: 2F 0-2: Ball 1-2: Ball 2-2: Foul Ball, location: 2F 2-2: Ball 3-2: Strikes out swinging
|
Batting: LHB Donald Jamerson
|
0-0: Foul Ball, location: 2F 0-1: Fly out, F9 (Line Drive, 9, EV 100.0 MPH)
|
Top of the 6th over - 0 runs, 0 hits, 0 errors, 0 left on base; Raleigh-Durham 2 - Winston-Salem 2 |
BOTTOM OF THE 6TH |
Winston-Salem Spirits batting - Pitching for Raleigh-Durham Capitals : RHP Les Straker
|
Batting: LHB Jerome Coleman
|
0-0: Ball 1-0: Called Strike 1-1: Ball 2-1: Ground out 5-3 (Groundball, 56S, EV 86.9 MPH)
|
Batting: RHB Greg Olson
|
0-0: Called Strike 0-1: Ground out 5-3 (Groundball, 5L, EV 79.4 MPH)
|
Batting: RHB Larry Reasonover
|
0-0: Ball 1-0: Ball 2-0: Ball 3-0: Base on Balls
|
Batting: RHB Ell Roberson
|
0-0: Ball 1-0: Called Strike Larry Reasonover steals 2nd base 1-1: Ball 2-1: Called Strike 2-2: Foul Ball, location: 2F 2-2: Ground out 4-3 (Groundball, 4, EV 106.3 MPH)
|
Bottom of the 6th over - 0 runs, 0 hits, 0 errors, 1 left on base; Raleigh-Durham 2 - Winston-Salem 2 |
TOP OF THE 7TH |
Raleigh-Durham Capitals batting - Pitching for Winston-Salem Spirits : LHP Michael Smith
|
Batting: RHB Marshall Burk
|
0-0: Swinging Strike 0-1: Ball 1-1: Ball 2-1: Ball 3-1: Called Strike 3-2: SINGLE (Groundball, 56D, EV 97.5 MPH)
|
Batting: RHB Luis Brito
|
0-0: Ball 1-0: Swinging Strike 1-1: Fly out, F9 (Flyball, 9, EV 90.0 MPH)
|
Batting: RHB Tony Camara
|
0-0: Ball 1-0: Grounds into double play, 3-6-3 (Groundball, 34, EV 90.6 MPH)
|
Top of the 7th over - 0 runs, 1 hit, 0 errors, 0 left on base; Raleigh-Durham 2 - Winston-Salem 2 |
BOTTOM OF THE 7TH |
Winston-Salem Spirits batting - Pitching for Raleigh-Durham Capitals : RHP Les Straker
|
Batting: RHB Kelly Miller
|
0-0: Foul Ball, location: 2F 0-1: Swinging Strike 0-2: Foul Ball, location: 2F 0-2: Ball 1-2: Foul Ball, location: 2F 1-2: Ground out 4-3 (Groundball, 4, EV 103.1 MPH)
|
Batting: SHB Mark Wiesler
|
0-0: Ball 1-0: Ball 2-0: Ball 3-0: Called Strike 3-1: Foul Ball, location: 2F 3-2: Fly out, F5 (Line Drive, 5, EV 67.5 MPH)
|
Batting: RHB Buddy Bailey
|
0-0: Swinging Strike 0-1: Ball 1-1: Swinging Strike 1-2: Ball 2-2: Strikes out looking
|
Bottom of the 7th over - 0 runs, 0 hits, 0 errors, 0 left on base; Raleigh-Durham 2 - Winston-Salem 2 |
TOP OF THE 8TH |
Raleigh-Durham Capitals batting - Pitching for Winston-Salem Spirits : LHP Michael Smith
|
Batting: LHB Clay Smith
|
0-0: Called Strike 0-1: Ball 1-1: Swinging Strike 1-2: Fly out, F8 (Flyball, 78M, EV 98.1 MPH)
|
Batting: LHB Pat Castiglia
|
0-0: Foul Ball, location: 2F 0-1: Ball 1-1: Ball 2-1: Called Strike 2-2: Ball 3-2: Foul Ball, location: 2F 3-2: Foul Ball, location: 2F 3-2: Base on Balls
|
Pitching: RHP David Trout
|
|
Batting: RHB Richard Ferchen
|
0-0: Ball 1-0: Ball 2-0: Foul Ball, location: 2F 2-1: Ground out 5-3 (Groundball, 56S, EV 66.9 MPH) Pat Castiglia to second
|
Batting: RHB Michael Wright
|
0-0: SINGLE (Line Drive, 34, EV 104.4 MPH) Pat Castiglia to third
|
Batting: RHB Henry Noble
|
0-0: Foul Ball, location: 2F 0-1: Swinging Strike Passed Ball! Pat Castiglia scores Michael Wright to second 0-2: Ball 1-2: Foul Ball, location: 2F 1-2: Strikes out swinging
|
Top of the 8th over - 1 run, 1 hit, 0 errors, 1 left on base; Raleigh-Durham 3 - Winston-Salem 2 |
BOTTOM OF THE 8TH |
Winston-Salem Spirits batting - Pitching for Raleigh-Durham Capitals : RHP Les Straker
|
Batting: RHB Craig Robinson
|
0-0: Called Strike 0-1: Foul Ball, location: 2F 0-2: Foul Ball, location: 2F 0-2: SINGLE (Line Drive, 9S, EV 110.6 MPH)
|
Batting: RHB Elijah Ben
|
0-0: Called Strike 0-1: Fly out, F8 (Flyball, 89M, EV 85.0 MPH)
|
Batting: LHB Jerome Coleman
|
0-0: Ball 1-0: Ball 2-0: SINGLE (Groundball, 56S, EV 69.4 MPH) (infield hit) Craig Robinson to second
|
Batting: RHB Greg Olson
|
0-0: Called Strike 0-1: Grounds into double play, 5-4-3 (Groundball, 56, EV 83.1 MPH)
|
Bottom of the 8th over - 0 runs, 2 hits, 0 errors, 1 left on base; Raleigh-Durham 3 - Winston-Salem 2 |
TOP OF THE 9TH |
Raleigh-Durham Capitals batting - Pitching for Winston-Salem Spirits : RHP David Trout
|
Batting: LHB Donald Jamerson
|
0-0: SINGLE (Groundball, P, EV 87.5 MPH) (infield hit)
|
Batting: RHB Marshall Burk
|
0-0: Ball 1-0: Ball 2-0: Ball 3-0: Called Strike 3-1: Ground out 6-3 (Groundball, 6, EV 86.9 MPH) Donald Jamerson to second
|
Batting: RHB Luis Brito
|
0-0: Ground out 6-3 (Groundball, 6, EV 91.9 MPH) Donald Jamerson to third
|
Batting: RHB Tony Camara
|
0-0: Swinging Strike 0-1: Called Strike 0-2: Ball 1-2: Strikes out swinging
|
Top of the 9th over - 0 runs, 1 hit, 0 errors, 1 left on base; Raleigh-Durham 3 - Winston-Salem 2 |
BOTTOM OF THE 9TH |
Winston-Salem Spirits batting - Pitching for Raleigh-Durham Capitals : RHP Les Straker
|
Pitching: LHP Richard Baca
|
|
Batting: RHB Larry Reasonover
|
0-0: Called Strike 0-1: Foul Ball, location: 2F 0-2: Ball 1-2: Strikes out swinging
|
Batting: RHB Ell Roberson
|
0-0: Ball 1-0: Fly out, F7 (Flyball, 7, EV 74.4 MPH)
|
Pinch Hitting: RHB Michael Lenti
|
0-0: Ball 1-0: Called Strike 1-1: Ball 2-1: Foul Ball, location: 2F 2-2: Ball 3-2: Ground out 4-3 (Groundball, 4S, EV 87.5 MPH)
|
Bottom of the 9th over - 0 runs, 0 hits, 0 errors, 0 left on base; Raleigh-Durham 3 - Winston-Salem 2 |
|